 Dungeon Crawl Stone Soup version 0.32-a0-350-g4f4d228785 (webtiles) character file.

Game seed: 1219020317467342982

2 ragingrage the Chopper (level 1, -1/14 (17) HPs)
             Began as a Mountain Dwarf Reaver on Feb 18, 2024.
             Slain by a gnoll
             ... wielding a +0 flail
              (6 damage)
             ... on level 1 of the Dungeon.
             The game lasted 00:00:13 (96 turns).

ragingrage the Chopper (Mountain Dwarf Reaver)        Turns: 96, Time: 00:00:14

HP:   -1/14 (17)    AC:  5    Str: 14    XL:     1   Next: 25%
MP:   2/3           EV: 10    Int: 13    God:
Gold: 13            SH:  0    Dex:  8    Spells: 2/3 levels left

rFire   . . .        a - +0 hand axe
rCold   . . .        (no shield)
rNeg    . . .        f - +0 ring mail
rPois   .            (no helmet)
rElec   .            (no cloak)
rCorr   .            (no gloves)
SInv    .            (no boots)
Will    .....        (no amulet) Stlth
                     (no ring)
HPRegen 0.22/turn    (no ring)
MPRegen 0.08/turn

%: no passive effects
@: heavily drained
A: runic magic, artefact enchanting
a: no special abilities


You were on level 1 of the Dungeon.
You visited 1 branch of the dungeon, and saw 1 of its levels.

You collected 13 gold pieces.

Inventory:

Hand Weapons
 a - a +0 hand axe (weapon)
Armour
 f - a +0 ring mail (worn)
Scrolls
 c - a scroll of teleportation {unknown}
 d - a scroll of identify {unknown}
Potions
 e - a potion of curing {unknown}


   Skills:
 - Level 2.1 Fighting
 + Level 3.7 Axes
 - Level 1.3 Dodging
 + Level 0.1 Stealth
 - Level 1.7 Spellcasting
 - Level 2.6 Conjurations
 + Level 0.2 Necromancy


You had 2 spell levels left.
You knew the following spells:

 Your Spells              Type           Power      Damage    Failure   Level
a - Kiss of Death         Conj/Necr      16%        2d6       17%         1

Your spell library contained the following spells:

 Spells                   Type           Power      Damage    Failure   Level
 Momentum Strike          Conj/Tloc      8%         3d8       26%         2
 Hailstorm                Conj/Ice       4%         3d5       47%         3


Dungeon Overview and Level Annotations

Branches:
Dungeon (1/15)

Altars:


Innate Abilities, Weirdness & Mutations

Your spellcasting is much less encumbered by armour.
You can use scrolls of enchantment on lesser artefacts.


Message History

You see here a ruby potion.
An endoplasm is nearby!
The endoplasm barely misses you.
You hit the endoplasm but do no damage. The endoplasm freezes you.
You are frozen.
You completely miss the endoplasm. The endoplasm freezes you.
You are frozen.
You are too injured to fight recklessly!
You are too injured to fight recklessly!
You hit the endoplasm. The endoplasm barely misses you.
You hit the endoplasm.
You kill the endoplasm!
e - a ruby potion You see here a +0 ring mail.
f - a +0 ring mail You start removing your armour.
You continue taking off your +0 leather armour. x4
You finish taking off your +0 leather armour.
You start putting on your armour.
You continue putting on your +0 ring mail. x5
You finish putting on your +0 ring mail.
You drop a +0 leather armour.
A gnoll comes into view. It is wielding a +0 flail.
The gnoll shouts!
The gnoll moves out of view.
No target in view!
A gnoll is nearby!
The gnoll hits you with a +0 flail.
A gnoll is nearby!
You hit the gnoll but do no damage. The gnoll hits you with a +0 flail!
* * * LOW HITPOINT WARNING * * *
Aiming: Kiss of Death (safe; 17% risk of failure)
Press: ? - help, Q - select action Shift-Dir - straight line, f - gnoll
Aim: a gnoll, wielding a +0 flail (100% to hit)
The fragment of death hits the gnoll.
The gnoll is drained!
You feel drained. The gnoll closely misses you.
You hit the gnoll. The gnoll hits you with a +0 flail.
You die...

.....####.#
.....# #.#
###.## #.# #
#.# #[## .#
#.#####..###
##.
#.##....#..#
..
#.##.#.###.##
$# ###
#.##..##
##.###.#.....
#....##
##..@g...#
####[.##
#.###.#[##
#...###.. .#
#....#..# .#
#.....## .#
#..###... ..
##.###..###.##
.#
............#
.#
.#.###..#####


You could see a gnoll (very drained).

Vanquished Creatures
  An endoplasm (D:1)
1 creature vanquished.

Notes
Turn   | Place    | Note
-------+----------+-------------------------------------------
     0 | D:1      | ragingrage the Mountain Dwarf Reaver began the quest for
                  | the Orb.
     0 | D:1      | Reached XP level 1. HP: 17/17 MP: 3/3
    96 | D:1      | Slain by a gnoll

Illustrated notes

Levels and vault maps discovered:
D:1:      zaba_arrival_water, layout_loops_ring, serial_shops, shop_fountains

Action                     || total
---------------------------++-------
  Melee: Hand axe          ||     6
   Cast: Kiss of Death     ||     1
 Armour: Ring mail         ||     3
  Dodge: Dodged            ||     3

Table legend: (Time is in decaauts)
 A = Elapsed time spent in this place.
 B = Non-inter-level travel time spent in this place.
 C = Inter-level travel time spent in this place.
 D = Time resting spent in this place.
 E = Time spent auto-exploring this place.
 F = Levels seen in this place.
 G = Mean time per level.
                   A        B        C        D        E       F      G
               +--------+--------+--------+--------+--------+-----+--------+
         Total |    103 |    103 |      0 |      0 |     65 |   1 |  103.0 |
       Dungeon |    103 |    103 |      0 |      0 |     65 |   1 |  103.0 |
               +--------+--------+--------+--------+--------+-----+--------+

Top non-repeatable levels by time:
     D:1: 103 daAuts
